 Dungeon Crawl Stone Soup version 0.19.0-11-g3fc08b3 (webtiles) character file.

20 Joat the Ruffian (level 2, 0/23 HPs)
             Began as a Draconian Transmuter on Nov 9, 2016.
             Slain by a jackal (1 damage)
             ... on level 1 of the Dungeon.
             The game lasted 00:01:43 (661 turns).

Joat the Ruffian (Draconian Transmuter)              Turns: 661, Time: 00:01:43

Health: 0/23       AC:  4    Str: 12    XL:     2   Next: 58%
Magic:  5/5        EV: 12    Int: 13    God:
Gold:   49         SH:  0    Dex: 11    Spells: 1 memorised, 4 levels left

rFire  . . .     SeeInvis .       - Unarmed
rCold  . . .     Gourm    .     (armour unavailable)
rNeg   . . .     Faith    .     (no shield)
rPois  .         Spirit   .     (helmet restricted)
rElec  .         Reflect  .     (no cloak)
rCorr  .         Harm     .     (no gloves)
MR     .....                    (no boots)
Stlth  +.........               (no amulet)
                                (no ring)
                                (no ring)

@: no status effects
A: unfitting armour, cold-blooded, AC +4
a: no special abilities


You were on level 1 of the Dungeon.
You were not hungry.

You visited 1 branch of the dungeon, and saw 1 of its levels.

You collected 49 gold pieces.

Inventory:

Missiles
 a - 25 arrows
Scrolls
 d - a scroll of amnesia {unknown}
 g - a scroll of random uselessness {unknown}
 i - a scroll of enchant armour {unknown}
Potions
 e - a potion of lignification {unknown}
 h - a potion of degeneration {unknown}
Books
 b - a book of Changes

   Spells                             Type                      Level
   a - Beastly Appendage              Transmutation                1
   b - Sticks to Snakes               Transmutation                2
   c - Spider Form                    Transmutation/Poison         3
   d - Ice Form                       Ice/Transmutation            4
   e - Blade Hands                    Transmutation                5
Comestibles
 c - 2 bread rations
 f - 3 chunks of flesh


   Skills:
 - Level 1.1 Fighting
 - Level 1.7 Dodging
 + Level 4.0 Unarmed Combat
 - Level 2.0 Spellcasting
 - Level 2.0 Transmutations


You had 4 spell levels left.
You knew the following spells:

 Your Spells              Type           Power        Failure   Level  Hunger
q - Beastly Appendage     Tmut           #.....       12%         1    ##.....


Dungeon Overview and Level Annotations

Branches:
Dungeon (1/15)

Altars:


Innate Abilities, Weirdness & Mutations

Your plain brown scales are hard. (AC +4)
You cannot fit into any form of body armour.
You are cold-blooded and may be slowed by cold attacks.


Message History

The jackal bites you. The kobold hits you.
* * * LOW HITPOINT WARNING * * *
The frilled lizard bites you but does no damage.
You are too injured to fight recklessly!
You are too injured to fight recklessly!
You are too injured to fight recklessly!
You are too injured to fight recklessly!
You are too injured to fight recklessly!
You are too injured to fight recklessly!
You are too injured to fight recklessly!
You are too injured to fight recklessly!
The jackal completely misses you. The frilled lizard closely misses you.
The jackal barely misses you. The dart slug launches a dart at you.
The slug dart hits you!
* * * LOW HITPOINT WARNING * * *
The frilled lizard closely misses you.
The frilled lizard hisses.
The jackal bites you.
You die...

#.....)#######.#.##...
#......##........##...
#......##..........###
#......##..........#
#####......# ####.....#
#..........##### #.....#
#..............###.....#
#.......l..............#
#......hh@.........#####
#....wK#####.......#
#......# #.......#
#......# #.......#
#(.....# #.......#
#).....# #.......#
#..?...# #........
........# #........#
........#


You could see a dart slug, 2 jackals, a kobold and a frilled lizard.

Vanquished Creatures
  A dart slug (D:1)
  A leopard gecko (D:1)
  A goblin (D:1)
  A hobgoblin (D:1)
  3 jackals (D:1)
  5 bats (D:1)
  2 frilled lizards (D:1)
  2 kobolds (D:1)
16 creatures vanquished.

Notes
Turn   | Place    | Note
-------+----------+-------------------------------------------
     0 | D:1      | Joat the Draconian Transmuter began the quest for the Orb.
     0 | D:1      | Reached XP level 1. HP: 16/16 MP: 3/3
   310 | D:1      | Reached XP level 2. HP: 22/23 MP: 5/5
   628 | D:1      | Reached skill level 4 in Unarmed Combat
   658 | D:1      | HP: 1/23 [dart slug/slug dart (4)]
   661 | D:1      | Slain by a jackal

Skill      XL: |  1  2 |
---------------+-------+-----
Unarmed Combat | 4 |  4.0
Fighting       | |  1.1
Dodging        | |  1.7
Spellcasting   | |  2.0
Transmutations | |  2.0

Action                   || total
-------------------------++-------
Melee: Unarmed           ||    55
       Tailslap          ||     5
Armor: Skin              ||    21
Dodge: Dodged            ||    52
